 Dungeon Crawl Stone Soup version 0.27.1-4-g1640c2035a (webtiles) character file.

Game seed: 12012996971301070895

782 Crownlay the Carver (level 7, -14/57 HPs)
             Began as a Minotaur Fighter on Nov 5, 2021.
             Was a Priest of Uskayaw.
             Demolished by a very large slime creature (60 damage)
             ... on level 5 of the Dungeon.
             The game lasted 00:03:48 (4524 turns).

Crownlay the Carver (Minotaur Fighter)              Turns: 4524, Time: 00:03:49

Health: -14/57     AC:  8    Str: 27    XL:     7   Next: 55%
Magic:  6/6        EV: 10    Int:  5    God:    Uskayaw [***...]
Gold:   178        SH:  0    Dex: 11    Spells: 6/6 levels left

rFire    . . .     SeeInvis .   a - +0 long sword
rCold    . . .     Faith    .   (no shield)
rNeg     . . .     Spirit   .   b - +0 scale mail
rPois    .         Reflect  .   (helmet restricted)
rElec    .         Harm     .   s - +0 cloak
rCorr    .         Rampage  .   (no gloves)
Will     .....                  (no boots)
Stlth    ..........             (no amulet)
HPRegen  0.19/turn              r - +6 ring of strength
MPRegen  0.10/turn              (no ring)

@: no status effects
A: horns 2, retaliatory headbutt
a: Renounce Religion, Stomp, Line Pass


You were on level 5 of the Dungeon.
You worshipped Uskayaw.
Uskayaw was noncommittal.
You visited 1 branch of the dungeon, and saw 5 of its levels.

You collected 178 gold pieces.

Inventory:

Hand Weapons
 a - a +0 long sword (weapon)
Missiles
 h - 44 poisoned darts (quivered)
 n - 4 boomerangs
Armour
 b - a +0 scale mail (worn)
 c - a +0 kite shield
 s - a +0 cloak (worn)
Jewellery
 r - a +6 ring of strength (left hand)
Scrolls
 e - a scroll of brand weapon
 f - a scroll of enchant weapon {unknown}
 g - a scroll of magic mapping {unknown}
 i - 2 scrolls of identify
 j - a scroll of vulnerability {unknown}
 m - a scroll of fog {unknown}
 p - 2 scrolls of teleportation {unknown}
Potions
 d - a potion of might
 k - a potion of mutation {unknown}
 l - a potion of brilliance {unknown}
 o - a potion of curing {unknown}
 q - a potion of lignification {unknown}


   Skills:
 - Level 3.6 Fighting
 + Level 10.3 Long Blades
 - Level 3.6 Armour
 - Level 3.6 Shields


You had 6 spell levels left.
You didn't know any spells.
Your spell library contained the following spells:

 Spells                   Type           Power      Damage    Failure   Level
 Ozocubu's Armour         Ice            0%         N/A       98%         3
 Ozocubu's Refrigeration  Ice            0%         4d5       100%        7


Dungeon Overview and Level Annotations

Branches:
Dungeon (5/15)
 Temple: D:4-7

Altars:
Hepliaklqana
Sif Muna
Uskayaw


Innate Abilities, Weirdness & Mutations

You have a pair of horns on your head.
You reflexively headbutt those who attack you in melee.


Message History

You furiously retaliate!
You headbutt the slime creature! The slime creature hits you!
You hit the endoplasm. You headbutt the endoplasm.
You kill the endoplasm!
You hit the slime creature. You headbutt the slime creature.
The slime creature is lightly wounded.
The slime creature barely misses you.
You riposte.
You barely miss the slime creature. You headbutt the slime creature.
The slime creature is lightly wounded.
You can now pass through a line of other dancers.
You slash the slime creature!
The slime creature is moderately wounded.
Two slime creatures merge to form a large slime creature.
You slash the large slime creature!
The large slime creature is moderately wounded.
You slash the large slime creature! You headbutt the large slime creature.
The large slime creature is moderately wounded.
The large slime creature looks more healthy.
Uskayaw will force your foes to helplessly watch your dance.
Uskayaw prepares the audience for your solo!
The helpless large slime creature fails to defend itself.
You slash the large slime creature!
The large slime creature is heavily wounded.
The slime creature is no longer paralysed.
The jelly is no longer paralysed.
The large slime creature is no longer paralysed.
Two slime creatures merge to form a very large slime creature.
You slash the very large slime creature!
You headbutt the very large slime creature, but do no damage.
The very large slime creature is moderately wounded.
The endoplasm is no longer paralysed.
You hit the very large slime creature.
The very large slime creature is heavily wounded.
The very large slime creature closely misses you.
You barely miss the very large slime creature.
You headbutt the very large slime creature.
The very large slime creature is heavily wounded.
The very large slime creature hits you!!!
Ouch! That really hurt!
You die...

.. #......# ##...).##
...#......# #.......#
.........## #.......#
.........# #.......#
######...## #.......#
##...# #....####
##..# #....'..## #..#
########.# ##..#
##@...).## ##)..#
#J#######
######..#.##JJJJJ..÷.
.......<#.##.(÷J.P.P.
#....#+##.##((..J....
#..#. .##.P.P÷P... ..
. .##...P..... . .
###.......P[ ..
##########


You could see a very large slime creature, a jelly and an endoplasm.

Vanquished Creatures
  A black bear (D:4)
  An ogre (D:5)
  A centaur (D:5)
  2 kobold brigands (D:5)
  A scorpion (D:4)
  A centaur zombie (D:4)
  A bullfrog zombie (D:3)
  An orc priest (D:3)
  A centaur skeleton (D:2)
  A hound (D:5)
  2 iguanas (D:4)
  An orc wizard (D:3)
  A hound zombie (D:5)
  2 adder skeletons (D:4)
  A worm (D:2)
  12 orcs (D:3)
  6 ball pythons
  4 bats
  10 endoplasms
  A giant cockroach (D:1)
  5 goblins
  6 hobgoblins
  17 kobolds
  3 quokkas
  4 frilled lizards
  5 rats
91 creatures vanquished.

Vanquished Creatures (others)
  A plant (D:1)
  9 toadstools (D:5)
10 creatures vanquished.

Grand Total: 101 creatures vanquished

Notes
Turn   | Place    | Note
-------+----------+-------------------------------------------
     0 | D:1      | Crownlay the Minotaur Fighter began the quest for the Orb.
     0 | D:1      | Reached XP level 1. HP: 19/19 MP: 0/0
   139 | D:1      | Reached skill level 3 in Long Blades
   211 | D:1      | Reached XP level 2. HP: 22/26 MP: 1/1
  1216 | D:2      | Reached skill level 4 in Long Blades
  1311 | D:2      | Found a hazy altar of Hepliaklqana.
  1514 | D:2      | Reached XP level 3. HP: 30/31 MP: 2/2
  1520 | D:2      | Reached skill level 5 in Long Blades
  2007 | D:3      | Reached XP level 4. HP: 30/39 MP: 3/3
  2328 | D:3      | Reached skill level 6 in Long Blades
  2462 | D:3      | Reached XP level 5. HP: 29/45 MP: 4/4
  3250 | D:4      | Reached skill level 7 in Long Blades
  3532 | D:4      | Reached XP level 6. HP: 50/51 MP: 5/5
  3548 | D:4      | Reached skill level 8 in Long Blades
  3672 | D:4      | Found a shimmering blue altar of Sif Muna.
  3704 | D:4      | Found a hide-covered altar of Uskayaw.
  3713 | D:4      | Became a worshipper of Uskayaw the Reveller
  3976 | D:4      | Reached * piety under Uskayaw
  4094 | D:5      | Entered Level 5 of the Dungeon
  4100 | D:5      | Reached ** piety under Uskayaw
  4101 | D:5      | Reached skill level 9 in Long Blades
  4101 | D:5      | Reached XP level 7. HP: 57/57 MP: 6/6
  4296 | D:5      | Reached *** piety under Uskayaw
  4298 | D:5      | Reached skill level 10 in Long Blades
  4298 | D:5      | Reached **** piety under Uskayaw
  4307 | D:5      | Reached ***** piety under Uskayaw
  4510 | D:5      | Noticed a slime creature
  4510 | D:5      | Noticed a slime creature
  4510 | D:5      | Noticed a slime creature
  4524 | D:5      | Demolished by a very large slime creature

Illustrated notes

Levels and vault maps discovered:
D:1:      scummos_arrival_forest, layout_loops_cross, serial_forest,
          infiniplex_forest_straight_1, infiniplex_forest_end_2,
          infiniplex_forest_clump_C, infiniplex_forest_straight_5,
          infiniplex_forest_zigzag_1, infiniplex_forest_clump_small,
          infiniplex_forest_end_2, infiniplex_forest_lined_4_way,
          minmay_ruptured
D:2:      layout_loops_corners, basic_altar, grunt_ministairs_4
D:3:      layout_basic
D:4:      layout_loops_cross, mainiacjoe_overflow_catch_the_wave
D:5:      cheibrodos_fertilizer, layout_basic, fedhas_altar_fruit_tree,
          marbit_many_paths, kennysheep_generic_room_15

Skill      XL: |  1  2  3  4  5  6  7 |
---------------+----------------------+-----
Long Blades    | 3 4 5 6 7 9 10 | 10.3
Fighting       | |  3.6
Armour         | |  3.6
Shields        | |  3.6

Action                   |  1- 3 |  4- 6 |  7- 9 || total
-------------------------+-------+-------+-------++-------
Melee: Long sword        |    71 |   106 |    31 ||   208
       Headbutt          |    12 |    19 |    10 ||    41
Throw: Dart              |       |    28 |    15 ||    43
  Use: Scroll            |       |     1 |       ||     1
 Stab: Paralysed         |       |       |     4 ||     4
Armor: Scale mail        |    31 |    46 |    11 ||    88
Dodge: Dodged            |    47 |    40 |    19 ||   106
       Rpst.: Long sword |     5 |    10 |     5 ||    20
